 Dungeon Crawl Stone Soup version 0.29.0-5-ge4962eb29e (webtiles) character file.

Game seed: 7967070376752465111

366 ImASeal the Trooper (level 6, 0/61 HPs)
             Began as a Troll Fighter on Aug 29, 2022.
             Slain by Pikel
             ... wielding a +0 whip of flaming
              (2 damage)
             ... on level 6 of the Dungeon.
             The game lasted 00:06:24 (1770 turns).

ImASeal the Trooper (Troll Fighter)                 Turns: 1770, Time: 00:06:27

Health: 0/61       AC:  4    Str: 27    XL:     6   Next: 40%
Magic:  5/5        EV:  9    Int:  4    God:
Gold:   95         SH:  7    Dex:  9    Spells: 5/5 levels left

rFire   . . .      SeeInvis .   a - +0 war axe
rCold   . . .      Faith    .   c - +0 kite shield
rNeg    . . .      Spirit   .   b - +0 robe
rPois   .          Reflect  .   (helmet restricted)
rElec   .          Harm     .   (no cloak)
rCorr   .          Rampage  .   (gloves unavailable)
Will    .....                   (boots unavailable)
Stlth   +.........              (no amulet)
HPRegen 1.00/turn               e - ring of flight
MPRegen 0.09/turn               (no ring)

@: mighty, flying
A: large, unfitting armour, claws 3, regeneration 1, shaggy fur 1, tough skin 1
a: no special abilities


You were on level 6 of the Dungeon.
You visited 1 branch of the dungeon, and saw 4 of its levels.

You collected 95 gold pieces.

Inventory:

Hand Weapons
 a - a +0 war axe (weapon)
Missiles
 l - 5 large rocks
 m - 3 atropa-tipped darts
 n - 10 poisoned darts (quivered)
Armour
 b - a +0 robe (worn)
 c - a +0 kite shield (worn)
Jewellery
 e - a ring of flight (left claw)
Scrolls
 j - 3 scrolls of identify {unknown}
 o - a scroll of vulnerability {unknown}
 p - a scroll of summoning {unknown}
 r - a scroll of teleportation {unknown}
Potions
 f - a potion of degeneration {unknown}
 g - a potion of brilliance {unknown}
 h - a potion of invisibility {unknown}
 i - a potion of curing {unknown}
 k - 2 potions of heal wounds {unknown}
 q - a potion of mutation {unknown}


   Skills:
 + Level 3.6 Fighting
 + Level 3.5 Axes
 + Level 1.8 Throwing
 + Level 3.0 Dodging
 + Level 3.6 Shields


You had 5 spell levels left.
You didn't know any spells.
Your spell library contained the following spells:

 Spells                   Type           Power      Damage    Failure   Level
 Sting                    Tmut/Pois      0%         1d3       80%         1
 Poisonous Vapours        Pois/Air       0%         N/A       90%         2
 Portal Projectile        Hex/Tloc       0%         N/A       99%         3
 Tukima's Dance           Hex            0%         N/A       99%         3
 Olgreb's Toxic Radiance  Pois           0%         N/A       100%        4
 Blade Hands              Tmut           0%         N/A       100%        5


Dungeon Overview and Level Annotations

Branches:
Dungeon (3/15)

Altars:

Shops:
D:2 =

Annotations:
D:6 Pikel


Innate Abilities, Weirdness & Mutations

You are too large for most types of armour.
You have claws for hands.
Your natural rate of healing is unusually fast.
You are covered in fur. (AC +1)
You have tough skin. (AC +1)


Message History

Pikel hits you with a +0 whip of flaming!
Pikel burns you. You block Pikel's attack. The lemure hits you.
You hit Pikel but do no damage. You slash the lemure! The lemure hits you.
Pikel closely misses you.
You hit Pikel but do no damage. You hit the lemure. The lemure hits you!
Pikel closely misses you.
Pikel hits you with a +0 whip of flaming.
Pikel burns you. The lemure hits you but does no damage.
You slash Pikel!
Pikel is lightly wounded.
You closely miss the lemure. You slash the lemure! The lemure misses you.
A lemure comes into view.
The lemure hits you but does no damage.
Pikel hits you with a +0 whip of flaming.
Pikel burns you.
The lemure shouts!
You hit Pikel but do no damage.
Pikel is lightly wounded.
You barely miss the lemure. x2; The lemure barely misses you.
The lemure hits you but does no damage. You block Pikel's attack.
Pikel hits you with a +0 whip of flaming.
* * * LOW HITPOINT WARNING * * *
Pikel burns you.
* * * LOW HITPOINT WARNING * * *
The lemure barely misses you. The lemure closely misses you.
You closely miss Pikel.
Pikel is lightly wounded.
You closely miss the lemure. You hit the lemure. The lemure hits you.
* * * LOW HITPOINT WARNING * * *
You block the lemure's attack.
A lemure comes into view.
Pikel closely misses you.
You feel very mighty all of a sudden.
The lemure shouts!
The lemure hits you!
* * * LOW HITPOINT WARNING * * *
Pikel hits you with a +0 whip of flaming.
* * * LOW HITPOINT WARNING * * *
Pikel burns you.
You die...

#.###.# #....## ##.##.##
####.## .## #......#
#..## ...## ##.##.###
#...# .....##.K....#
##...# ........####.####
##.####
..........##...)###.##
..........##...5K...##
......h...##..##@....##
.....5....##..5.5.....##
.....K....##.....#..#..#
..........#5.##..#...#.##
#...........###..#...##.#
#...........###...#...###
.............#...#....#
(.....................#
.............#....####.#


You could see Pikel and 4 lemures.

Vanquished Creatures
  A black bear (D:6)
  4 orc priests
  An orc wizard (D:2)
  Robin (D:2)
  4 adders
  A worm (D:3)
  2 dart slugs (D:1)
  6 orcs
  7 bats
  5 endoplasms
  A giant cockroach (D:2)
  10 goblins
  9 hobgoblins
  4 jackals (D:1)
  2 quokkas (D:1)
  10 ball pythons
  2 frilled lizards (D:1)
  4 kobolds
  5 rats
79 creatures vanquished.

Notes
Turn   | Place    | Note
-------+----------+-------------------------------------------
     0 | D:1      | ImASeal the Troll Fighter began the quest for the Orb.
     0 | D:1      | Reached XP level 1. HP: 22/22 MP: 0/0
   102 | D:1      | Reached XP level 2. HP: 25/29 MP: 1/1
   355 | D:1      | Reached XP level 3. HP: 36/36 MP: 2/2
   591 | D:1      | Found a faded altar of an unknown god.
  1029 | D:2      | Reached XP level 4. HP: 44/44 MP: 3/3
  1181 | D:2      | Found Eqef's Jewellery Shoppe.
  1184 | D:2      | Noticed Robin
  1195 | D:2      | Killed Robin
  1370 | D:2      | Reached XP level 5. HP: 41/52 MP: 4/4
  1523 | D:3      | Reached skill level 1 in Throwing
  1614 | D:3      | You are sucked into a shaft and drop 3 floors!
  1691 | D:6      | Reached XP level 6. HP: 36/61 MP: 5/5
  1740 | D:6      | Noticed Pikel
  1770 | D:6      | HP: 2/61 [Pikel/+0 whip of flaming (3)]
  1770 | D:6      | Slain by Pikel

Illustrated notes

Levels and vault maps discovered:
D:1:      minmay_arrival_shattered_statue, layout_basic,
          hellmonk_ecumenical_altar_zigzags
D:2:      layout_loops_ring, serial_shops, shop, minmay_misc_feat_more_columns,
          uniq_robin
D:3:      layout_basic, old_standard_altar, mainiacjoe_overflow_alcove_2,
          uniq_sigmund
D:6:      layout_layer_cave, minmay_ogre_servants, uniq_pikel

Skill      XL: |  1  2  3  4  5 |
---------------+----------------+-----
Shields        | 3 |  3.6
Axes           | 2 3 |  3.5
Dodging        | 3 |  3.0
Fighting       | 3 |  3.6
Throwing       | 1 |  1.8

Action                   |  1- 3 |  4- 6 || total
-------------------------+-------+-------++-------
Melee: War axe           |   132 |    61 ||   193
Throw: Stone             |    45 |       ||    45
       Large rock        |       |    14 ||    14
       Dart              |       |    18 ||    18
  Use: Potion            |       |     1 ||     1
 Stab: Sleeping          |     1 |       ||     1
Armor: Robe              |    59 |    18 ||    77
Dodge: Dodged            |    58 |    36 ||    94
Block: Kite shield       |    70 |    28 ||    98
